details: '1v2 on 3v3 game'

« prev index next »

General information

Mini Map

Players

team 1
Random» Humansisterfister (blue | 17 APM | 21 actions | 01:13)

» actions
Build / train5
Enter build submenu2
Right click5
Select / deselect7
Use ability2
21 total
» units
Peasant5
5 total
» buildings
Altar of Kings1
Farm1
2 total
» build order
00:09 Altar of Kings
00:11 Farm
Random» Orcsc2no.wc4yes (green | 103 APM | 2239 actions | 21:44)
Hero icon 8 Shadow Hunter
Ability icon 3 Healing Wave
Ability icon 3 Serpent Ward
Ability icon 1 Big Bad Voodoo
Ability icon 1 Hex
Hero icon 4 Tauren Chieftain
Ability icon 2 War Stomp
Ability icon 2 Endurance Aura
Hero icon 9 Paladin
Ability icon 3 Holy Light
Ability icon 3 Devotion Aura
Ability icon 2 Divine Shield
Ability icon 1 Resurrection

» actions
Assign group hotkey75
Basic commands151
Build / train139
ESC pressed5
Enter build submenu42
Enter hero's abilities submenu22
Right click699
Select / deselect548
Select group hotkey447
Use ability111
2239 total
» units
Peon13
Peasant2
Footman1
Troll Headhunter/Berserker22
Grunt9
Rifleman8
Shaman8
Sorceress8
Mortar Team6
Wind Rider8
Priest2
Flying Machine6
93 total
» upgrades
Ranged Weapons3
Shaman Training2
Long Rifles1
Gunpowder1
Berserker Upgrade1
Troll Regeneration1
Fragmentation Shards1
Flak Cannons1
11 total
» buildings
Altar of Storms1
Orc Burrow11
Voodoo Lounge1
Barracks6
War Mill2
Blacksmith1
Scout Tower1
Farm9
Arcane Tower1
Stronghold2
Keep1
Fortress1
Spirit Lodge2
Workshop3
Arcane Sanctum1
Castle1
Beastiary2
46 total
» build order
00:08 Altar of Storms
00:12 Orc Burrow
00:47 Voodoo Lounge
01:45 Barracks
01:48 Orc Burrow
01:55 Barracks
01:58 War Mill
02:04 Barracks
02:08 Blacksmith
02:10 Scout Tower
02:13 Farm
02:22 Orc Burrow
02:29 Barracks
02:33 War Mill
02:38 Orc Burrow
03:01 Barracks
03:07 Arcane Tower
03:09 Farm
03:10 Farm
03:15 Barracks
03:28 Orc Burrow
03:33 Farm
05:18 Farm
05:25 Orc Burrow
05:25 Orc Burrow
05:27 Stronghold
07:17 Keep
08:24 Fortress
08:25 Spirit Lodge
08:25 Spirit Lodge
09:32 Farm
09:32 Farm
09:39 Workshop
09:40 Arcane Sanctum
09:57 Stronghold
11:34 Orc Burrow
11:34 Orc Burrow
11:49 Farm
11:50 Farm
11:53 Castle
12:22 Beastiary
12:23 Beastiary
13:04 Workshop
13:04 Workshop
15:01 Orc Burrow
15:01 Orc Burrow
» items
Scroll of Speed2
Healing Salve2
Potion of Healing1
5 total
OrcLawoffice (purple | 29 APM | 32 actions | 01:06)

» actions
Assign group hotkey2
Build / train4
Enter build submenu2
Right click11
Select / deselect11
Use ability2
32 total
» units
Peon4
4 total
» buildings
Altar of Storms1
Orc Burrow1
2 total
» build order
00:06 Altar of Storms
00:13 Orc Burrow
team 2
Undeadexalted_angel (pink | 93 APM | 2020 actions | 21:42)
Hero icon 3 Death Knight
Ability icon 2 Death Coil
Ability icon 1 Unholy Aura
Hero icon 5 Keeper of the Grove
Ability icon 3 Entangling Roots
Ability icon 2 Thorns Aura

» actions
Assign group hotkey146
Basic commands151
Build / train62
ESC pressed7
Enter build submenu23
Enter hero's abilities submenu8
Right click889
Select / deselect347
Select group hotkey300
Use ability87
2020 total
» units
Acolyte2
Ghoul4
Archer2
Huntress13
Mountain Giant5
Glaive Thrower1
Chimaera7
Hippogryph6
Druid of the Claw1
41 total
» upgrades
Abolish Magic1
1 total
» buildings
Altar of Darkness1
Crypt2
Ziggurat1
Graveyard2
Hunter's Hall1
Ancient of War3
Moon Well6
Tree of Ages3
Tree of Eternity1
Halls of the Dead3
Ancient of Wind1
Ancient of Lore2
Ancient of Wonders1
Chimaera Roost1
28 total
» build order
00:17 Altar of Darkness
00:22 Crypt
00:24 Crypt
00:38 Ziggurat
01:23 Graveyard
01:25 Graveyard
02:09 Hunter's Hall
02:13 Ancient of War
02:15 Ancient of War
02:18 Moon Well
02:23 Ancient of War
02:56 Moon Well
02:57 Moon Well
03:30 Tree of Ages
03:30 Tree of Ages
03:30 Tree of Ages
05:37 Moon Well
05:39 Moon Well
06:09 Tree of Eternity
08:21 Halls of the Dead
08:21 Halls of the Dead
08:21 Halls of the Dead
08:37 Ancient of Wind
08:40 Ancient of Lore
09:01 Ancient of Wonders
11:13 Ancient of Lore
12:04 Chimaera Roost
20:27 Moon Well
» items
Potion of Healing3
3 total
NightElfSineva (red | 24 APM | 40 actions | 01:39)

» actions
Assign group hotkey1
Build / train8
Enter build submenu3
Right click12
Select / deselect13
Use ability3
40 total
» units
Wisp8
8 total
» buildings
Moon Well1
Altar of Elders1
Ancient of War1
3 total
» build order
00:33 Moon Well
00:47 Altar of Elders
01:25 Ancient of War
Undeadicanthearyou (orange | 74 APM | 1570 actions | 21:12)
Hero icon 4 Death Knight
Ability icon 2 Death Coil
Ability icon 2 Unholy Aura
Hero icon 4 Lich
Ability icon 2 Frost Armor
Ability icon 2 Frost Nova

» actions
Assign group hotkey25
Build / train83
Enter build submenu16
Enter hero's abilities submenu8
Remove unit from queue7
Right click880
Select / deselect324
Select group hotkey148
Use ability79
1570 total
» units
Acolyte2
Ghoul2
Crypt Fiend18
Huntress4
Abomination17
Wisp2
Mountain Giant4
Gargoyle7
56 total
» upgrades
Web1
Hardened Skin1
Resistant Skin1
Destroyer Form1
Well Spring1
Reinforced Hides1
Strength of the Wild1
7 total
» buildings
Ziggurat7
Crypt3
Altar of Darkness1
Graveyard1
Tomb of Relics1
Halls of the Dead1
Black Citadel3
Slaughterhouse3
20 total
» build order
00:11 Ziggurat
00:17 Crypt
00:45 Altar of Darkness
01:16 Graveyard
01:38 Tomb of Relics
02:05 Ziggurat
02:28 Crypt
02:31 Crypt
03:25 Ziggurat
05:06 Halls of the Dead
05:20 Ziggurat
06:09 Ziggurat
08:23 Black Citadel
08:24 Black Citadel
08:43 Ziggurat
08:44 Ziggurat
09:27 Slaughterhouse
09:29 Slaughterhouse
09:32 Slaughterhouse
» items
Rod of Necromancy1
Scroll of Town Portal1
Scroll of Protection1
Potion of Lesser Invulnerability1
4 total

Chat log

(00:16 / Allies) sc2no.wc4yes: ududne
(00:21 / Allies) sc2no.wc4yes: hmm
(00:26 / Allies) Lawoffice: grunt/tauren
(00:32 / Allies) sc2no.wc4yes: hh/shaman
(00:37 / Allies) sc2no.wc4yes: blue get morts
(00:41 / Allies) sc2no.wc4yes: regardless of what else you get
(00:58 / Allies) Lawoffice: why all the orcs today like to make hh today
(01:00 / Allies) sisterfister: morts sorc
(01:05 / Allies) sc2no.wc4yes: idk i just started it
(01:05 / Allies) sisterfister: hh suck\
(01:09 / Allies) sc2no.wc4yes: wtf
(01:15 / All) sc2no.wc4yes: wow
(01:17 / All) sc2no.wc4yes: fucking noobs
(01:19 / All) exalted_angel: gg

(21:15 / All) sc2no.wc4yes: lol
(21:20 / All) exalted_angel: nice
(21:35 / All) exalted_angel: gg
(21:37 / All) sc2no.wc4yes: gg